 Dungeon Crawl Stone Soup version 0.19-a0-659-g8260ecf (webtiles) character file.

90 georgeearnest the Skirmisher (level 4, -10/40 HPs)
             Began as a Hill Orc Fighter on June 15, 2016.
             Mangled by a gnoll
             ... wielding a +0 halberd
              (13 damage)
             ... on level 2 of the Dungeon.
             The game lasted 00:01:45 (1282 turns).

georgeearnest the Skirmisher (Hill Orc Fighter)     Turns: 1282, Time: 00:01:46

Health: -10/40     AC:  7    Str: 19    XL:     4   Next: 56%
Magic:  0/4        EV:  7    Int:  8    God:
Gold:   20         SH:  9    Dex: 10    Spells: 0 memorised, 3 levels left

rFire  . . .     SeeInvis .     a - +0 war axe
rCold  . . .     Gourm    .     b - +0 scale mail
rNeg   . . .     Faith    .     c - +0 shield
rPois  .         Spirit   +     (no helmet)
rElec  .         Dismiss  .     (no cloak)
rCorr  .         Reflect  .     (no gloves)
SustAt .         Harm     .     (no boots)
MR     .....                    r - amulet of guardian spirit
Stlth  ..........               (no ring)
                                (no ring)

@: not resistant to hostile enchantments, extremely unstealthy
A: no striking features
a: no special abilities


You were on level 2 of the Dungeon.
You were not hungry.

You visited 1 branch of the dungeon, and saw 2 of its levels.

You collected 20 gold pieces.

Inventory:

Hand Weapons
 a - a +0 war axe (weapon)
Armour
 b - a +0 scale mail (worn)
 c - a +0 shield (worn)
Jewellery
 r - an amulet of guardian spirit (around neck)
Scrolls
 e - 3 scrolls of enchant weapon {unknown}
 g - 4 scrolls of identify {unknown}
 h - a scroll of amnesia {unknown}
 i - a scroll of remove curse {unknown}
 j - a scroll of immolation {unknown}
 m - a scroll of enchant armour {unknown}
 q - a scroll of random uselessness {unknown}
 s - a scroll of teleportation {unknown}
 t - a scroll of recharging {unknown}
Potions
 d - 2 potions of might
 k - a potion of curing {unknown}
 n - a potion of agility {unknown}
 o - a potion of cure mutation {unknown}
Comestibles
 f - a bread ration
 l - 2 royal jellies
 p - a slice of pizza


   Skills:
 + Level 4.2 Fighting
 + Level 3.2 Axes
 + Level 4.0 Armour
 + Level 1.1 Dodging
 + Level 4.0 Shields


You had 3 spell levels left.
You didn't know any spells.

Dungeon Overview and Level Annotations

Branches:
Dungeon (2/15)

Altars:


Message History

You hit the gnoll.
You kill the gnoll!
Your Armour skill increases to level 4!
Your Dodging skill increases to level 1!
You closely miss the gnoll. The gnoll hits you but does no damage.
The gnoll hits you from afar with a halberd!
* * * LOW HITPOINT WARNING * * *
You hit the gnoll.
The gnoll is moderately wounded.
The gnoll hits you with a flail.
* * * LOW HITPOINT WARNING * * *
You block the gnoll's attack. The gnoll barely misses you.
You closely miss the gnoll.
The gnoll is moderately wounded.
The gnoll hits you but does no damage. The gnoll hits you with a flail!
* * * LOW HITPOINT WARNING * * *
You slash the gnoll!
You kill the gnoll!
The gnoll hits you from afar with a halberd!
You die...

.# #..#### ##
#######..#
.........# #.#
########.# #####.#
#.# ...##.# #g#
##.##.# #g# #.##.#
#)# #.##.# #@#
#.##.# ########.#
##.##.###........#
..........########
##.######## #.#
##.# ...# ####


You could see 2 gnolls.

Vanquished Creatures
  2 gnolls (D:2)
  3 adders (D:2)
  An ooze (D:2)
  2 worms (D:2)
  2 dart slugs
  2 giant cockroaches (D:2)
  2 goblins (D:1)
  5 hobgoblins
  3 jackals (D:2)
  A ball python (D:2)
  3 bats
  3 giant newts
  3 kobolds (D:1)
  A rat (D:2)
33 creatures vanquished.

Notes
Turn   | Place    | Note
--------------------------------------------------------------
     0 | D:1      | georgeearnest the Hill Orc Fighter began the quest for the Orb.
     0 | D:1      | Reached XP level 1. HP: 19/19 MP: 1/1
   151 | D:1      | Reached XP level 2. HP: 23/27 MP: 2/2
   553 | D:2      | Reached XP level 3. HP: 7/33 MP: 3/3
  1164 | D:2      | Reached XP level 4. HP: 38/40 MP: 4/4
  1278 | D:2      | Reached skill level 1 in Dodging
  1282 | D:2      | Mangled by a gnoll

Vault maps used:
D:1:      eino_arrival_water_cross
D:2:      ecumenical_altar_2, serial_glass, glass_columns_a, glass_columns_b

Skill      XL: |  1  2  3  4 |
---------------+-------------+-----
Fighting       | 4 |  4.2
Axes           | 3 |  3.2
Shields        | 4 |  4.0
Armour         | 4 |  4.0
Dodging        | 1 |  1.1

Action                   |  1- 3 |  4- 6 || total
-------------------------+-------+-------++-------
Melee: War axe           |   105 |    24 ||   129
  Eat: Bread ration      |     1 |       ||     1
Armor: Scale mail        |    43 |     4 ||    47
Dodge: Dodged            |    42 |     9 ||    51
Block: Shield            |    72 |    13 ||    85
